 Dungeon Crawl Stone Soup version 0.23.1-37-gaa34b87 (webtiles) character file.

Game seed: 249469146523859315

77 nuthulu the Skirmisher (level 4, -5/37 HPs)
             Began as a Demonspawn Berserker on Mar 23, 2019.
             Was a Believer of Trog.
             Slain by Sigmund
             ... wielding a +0 scythe
              (10 damage)
             ... on level 2 of the Dungeon.
             The game lasted 00:03:18 (1374 turns).

nuthulu the Skirmisher (Demonspawn Berserker)       Turns: 1374, Time: 00:03:19

Health: -5/37      AC:  5    Str: 17    XL:     4   Next: 14%
Magic:  0/4        EV: 13    Int:  9    God:    Trog [**....]
Gold:   99         SH:  0    Dex: 13    Spells: 3/3 levels left

rFire    . . .     SeeInvis .   n - +0 war axe
rCold    . . .     Gourm    .   (no shield)
rNeg     . . .     Faith    .   b - +0 animal skin
rPois    .         Spirit   +   e - +0 helmet
rElec    .         Reflect  .   (no cloak)
rCorr    .         Harm     .   (no gloves)
MR       .....                  g - +1 pair of boots
Stlth    +.........             (no amulet)
HPRegen  0.12/turn              (no ring)
MPRegen  0.09/turn              (no ring)

@: berserk cooldown, slowed, very slow
A: powered by death 1, magic shield
a: Berserk, Trog's Hand, Renounce Religion


You were on level 2 of the Dungeon.
You worshipped Trog.
Trog was pleased with you.
You were not hungry.

You visited 1 branch of the dungeon, and saw 2 of its levels.

You collected 99 gold pieces.

Inventory:

Hand Weapons
 a - a +1 hand axe
 n - a +0 war axe (weapon)
Armour
 b - a +0 animal skin (worn)
 e - a +0 helmet (worn)
 g - a +1 pair of boots (worn)
Scrolls
 h - a scroll of amnesia
 m - a scroll of identify
Potions
 f - a potion of brilliance {unknown}
 i - a potion of berserk rage
 j - a potion of haste {unknown}
 k - 2 potions of curing {unknown}
 l - 2 potions of heal wounds {unknown}
Comestibles
 c - 6 rations


   Skills:
 + Level 3.7 Fighting
 * Level 3.4 Axes
 - Level 1.7 Armour
 + Level 2.7 Dodging


You had 3 spell levels left.
You didn't know any spells.
Your spell library was empty.

Dungeon Overview and Level Annotations

Branches:
Dungeon (2/15)

Altars:
Yredelemnul

Annotations:
D:2 Sigmund


Innate Abilities, Weirdness & Mutations

You regenerate a little health from kills.
When hurt, damage is shared between your health and your magic reserves.


Message History

Something hits you but does no damage.
You completely miss something.
You are no longer berserk.
You are exhausted.
You feel yourself slow down. Something hits you but does no damage.
You're too confused to move!
You feel less confused. Something hits you. Something barely misses you.
You closely miss something.
You hear some strange, mumbled words.
A puff of flame appears from out of thin air!
The puff of flame hits you! Something hits you!
* * * LOW HITPOINT WARNING * * *
You miss something. Something hits you.
* * * LOW HITPOINT WARNING * * *
Something hits you.
You barely miss something. Something hits you!
You die...

#.#.............#
##..........#.##.###
#...................
#.#.........#..#####
#.#.......#....#
#.#.#....##..>.#
#........##....#
###.###..###.#.# #@#
#..# #.#.# #{#
#..###.#.### #.#
#...##.#...# #.#
#.......##.# #.#
#...P.P.##.### #.#
#...._........ #.#
#.#)P.P.##..#. #.#
#.#..(.......#
#†##....##....


There were no monsters in sight!

Vanquished Creatures
  A scorpion (D:2)
  A leopard gecko (D:2)
  4 bats
  A giant cockroach (D:2)
  5 goblins
  2 hobgoblins (D:1)
  6 kobolds
  2 frilled lizards
  5 rats
27 creatures vanquished.

Notes
Turn   | Place    | Note
-------+----------+-------------------------------------------
     0 | D:1      | nuthulu the Demonspawn Berserker began the quest for the
                  | Orb.
     0 | D:1      | Reached XP level 1. HP: 18/18 MP: 1/1
   277 | D:1      | You fall through a shaft!
   386 | D:2      | Gained mutation: You regenerate a little health from kills.
                  | [demonic ancestry]
   386 | D:2      | Reached XP level 2. HP: 21/24 MP: 2/2
   609 | D:1      | You fall through a shaft!
   787 | D:1      | Reached ** piety under Trog
  1084 | D:2      | Noticed a scorpion
  1168 | D:2      | Found a basalt altar of Yredelemnul.
  1190 | D:2      | Killed a scorpion
  1190 | D:2      | Gained mutation: When hurt, damage is shared between your
                  | health and your magic reserves. [demonic ancestry]
  1190 | D:2      | Reached XP level 3. HP: 30/30 MP: 3/3
  1190 | D:2      | Reached XP level 4. HP: 37/37 MP: 4/4
  1358 | D:2      | Noticed Sigmund
  1374 | D:2      | Slain by Sigmund

Skill      XL: |  1  2 |
---------------+-------+-----
Dodging        | 2 |  2.7
Axes           | 3 |  3.4
Fighting       | |  3.7
Armour         | |  1.7

Action                   |  1- 3 |  4- 6 || total
-------------------------+-------+-------++-------
Melee: Hand axe          |    64 |     5 ||    69
       War axe           |       |     4 ||     4
Invok: Berserk           |     1 |       ||     1
       Trog's Hand       |     1 |       ||     1
  Use: Scroll            |     7 |       ||     7
       Potion            |       |     1 ||     1
 Stab: Sleeping          |     1 |       ||     1
  Eat: Chunk             |     1 |     2 ||     3
Armor: Animal skin       |    25 |    11 ||    36
Dodge: Dodged            |    45 |    15 ||    60
